 Dungeon Crawl Stone Soup version 0.31.0-32-g396128a36d (webtiles) character file.

Game seed: 8059875314448768988

14 FexLirch the Vexing (level 2, 0/21 HPs)
             Began as a Formicid Hexslinger on Mar 15, 2024.
             Slain by a quokka (3 damage)
             ... on level 1 of the Dungeon.
             The game lasted 00:02:20 (97 turns).

FexLirch the Vexing (Formicid Hexslinger)             Turns: 97, Time: 00:02:21

Health: 0/21       AC:  2    Str: 12    XL:     2   Next: 60%
Magic:  3/4        EV: 12    Int: 12    God:
Gold:   13         SH:  0    Dex: 16    Spells: 3/3 levels left

rFire   . . .        a - +1 sling
rCold   . . .        (no shield)
rNeg    . . .        c - +0 robe
rPois   .            (helmet unavailable)
rElec   .            (no cloak)
rCorr   .            (no gloves)
SInv    +            (no boots)
Will    .....        (no amulet)
Stlth   +            (no ring)
HPRegen 0.23/turn    (no ring)
MPRegen 0.09/turn

%: no passive effects
@: no status effects
A: permanent stasis, dig shafts and tunnels, antennae 3, four strong arms
a: Dig, Shaft Self


You were on level 1 of the Dungeon.
You visited 1 branch of the dungeon, and saw 1 of its levels.

You collected 13 gold pieces.

Inventory:

Hand Weapons
 a - a +1 sling (weapon)
Armour
 c - a +0 robe (worn)
Scrolls
 b - a scroll of poison


   Skills:
 + Level 1.4 Fighting
 + Level 2.1 Ranged Weapons
 + Level 2.0 Dodging
 + Level 1.4 Spellcasting
 + Level 3.8 Hexes
 + Level 1.2 Fire Magic


You had 3 spell levels left.
You didn't know any spells.
Your spell library contained the following spells:

 Spells                   Type           Power      Damage    Failure   Level
 Jinxbite                 Hex            20%        N/A       9%          2
 Sigil of Binding         Hex            10%        N/A       19%         3
 Inner Flame              Hex/Fire       6%         N/A       30%         3
 Cause Fear               Hex            5%         N/A       52%         4
 Dimensional Bullseye     Hex/Tloc       2%         N/A       78%         4


Dungeon Overview and Level Annotations

Branches:
Dungeon (1/15)

Altars:


Innate Abilities, Weirdness & Mutations

You cannot be hasted, slowed, berserked, paralysed or teleported.
You can dig through walls and to a lower floor.
You have a pair of large antennae on your head. (SInv)
Your four strong arms can wield two-handed weapons with a shield.


Message History

The jackal bites you. The jackal barely misses you. x2
Fire: a) +1 sling
Press: ? - help, Q - select action, (/) - cycle Shift-Dir - straight line, f/p - jackal
Aim: a jackal (severely wounded, 51% to hit)
You shoot a sling bullet. The sling bullet hits the jackal.
You kill the jackal!
A quokka comes into view.
The jackal barely misses you.
The jackal bites you but does no damage.
Fire: a) +1 sling
Press: ? - help, Q - select action, (/) - cycle Shift-Dir - straight line, f - jackal
Aim: a jackal (51% to hit)
You shoot a sling bullet.
The sling bullet closely misses the jackal.
The jackal barely misses you.
Fire: a) +1 sling
Press: ? - help, Q - select action, (/) - cycle Shift-Dir - straight line, f/p - jackal
Aim: a jackal (51% to hit)
You shoot a sling bullet.
The sling bullet closely misses the jackal.
The jackal barely misses you. The jackal bites you.
* * * LOW HITPOINT WARNING * * *
Fire: a) +1 sling
Press: ? - help, Q - select action, (/) - cycle Shift-Dir - straight line, f/p - jackal
Aim: a jackal (51% to hit)
You shoot a sling bullet.
The sling bullet closely misses the jackal.
The jackal barely misses you. The jackal closely misses you.
Okay, then.
Unknown command.
Unknown command.
You aren't carrying any potions.
Unknown command.
Unknown command.
This is a scroll of acquirement!
Something appears at your feet! The quokka closely misses you.
The jackal bites you.
* * * LOW HITPOINT WARNING * * *
The quokka bites you.
You die...

##....#. ..#.#..###
.).#... ..#.P..P..
###...... . ###.#....PPP
........##..##...P#......
"...)....# ....#..#..††⌠~
.........####.....#....⌠P
....g..g{....##...#~~..P.
,,#h####)......#.#..#
##r@..........#_#..#
,#.....####..P.######
.....###...###...P#....
.....# ###..#.....#....
....#. ##...###.#....
...##† ##.## .###.. ... #
#.# .##### .# #.. .##...
##.# #.8.


You could see a quokka, a jackal and a hobgoblin.

Vanquished Creatures
  2 endoplasms (D:1)
  2 giant cockroaches (D:1)
  A goblin (D:1)
  2 hobgoblins (D:1)
  A jackal (D:1)
  A quokka (D:1)
  2 ball pythons (D:1)
11 creatures vanquished.

Notes
Turn   | Place    | Note
-------+----------+-------------------------------------------
     0 | D:1      | FexLirch the Formicid Hexslinger began the quest for the
                  | Orb.
     0 | D:1      | Reached XP level 1. HP: 15/15 MP: 2/2
    17 | D:1      | Found a faded altar of an unknown god.
    50 | D:1      | Reached XP level 2. HP: 17/21 MP: 3/3
    97 | D:1      | Identified a scroll of acquirement
    97 | D:1      | Acquired the +3 warlock's mirror {omnireflect}
    97 | D:1      | Found the +3 warlock's mirror {omnireflect}
    97 | D:1      | Slain by a quokka

Illustrated notes

Levels and vault maps discovered:
D:1:      doesnt_arrival_eight_statues, layout_rooms,
          shapermc_ecumenical_altar_mp_ritualfount

Skill      XL: |  1  2 |
---------------+-------+-----
Dodging        | 2 |  2.0
Fighting       | |  1.4
Ranged Weapons | |  2.1
Spellcasting   | |  1.4
Hexes          | |  3.8
Fire Magic     | |  1.2

Action                     || total
---------------------------++-------
   Fire: Sling             ||    37
    Use: Scroll            ||     1
 Armour: Robe              ||    20
  Dodge: Dodged            ||    20
